 Dungeon Crawl Stone Soup version 0.21.1 (webtiles) character file.

11728 RUZZLEFAZAZZLE the Cleaver (level 11, -1/104 HPs)
             Began as a Hill Orc Fighter on Feb 5, 2018.
             Was a High Priest of Okawaru.
             Slain by an 11-headed hydra (7 damage)
             ... on level 1 of the Lair of Beasts.
             The game lasted 00:44:21 (12696 turns).

RUZZLEFAZAZZLE the Cleaver (Hill Orc Fighter)      Turns: 12696, Time: 00:44:22

Health: -1/104     AC: 23    Str: 20    XL:     11   Next: 82%
Magic:  16/16      EV:  5    Int:  8    God:    Okawaru [*****.]
Gold:   888        SH:  0    Dex: 16    Spells: 10/10 levels left

rFire    x . .     SeeInvis .   a - +0 war axe
rCold    + . .     Gourm    .   c - +0 shield
rNeg     . . .     Faith    +   e - +3 plate armour
rPois    .         Spirit   .   z - +0 helmet
rElec    .         Reflect  .   g - +0 cloak
rCorr    .         Harm     .   A - +0 pair of gloves
MR       .....                  O - +1 pair of boots {Fly}
Stlth    ..........             q - amulet of faith
HPRegen  0.27/turn              o - ring of ice
MPRegen  0.15/turn              r - +3 ring of dexterity

@: confused, flying, very slightly contaminated, invisible
A: no striking features
a: Heroism, Finesse, Renounce Religion, Stop Flying


You were on level 1 of the Lair of Beasts.
You worshipped Okawaru.
Okawaru was extremely pleased with you.
You were not hungry.

You visited 3 branches of the dungeon, and saw 11 of its levels.

You collected 888 gold pieces.

Inventory:

Hand Weapons
 a - a +0 war axe (weapon)
Missiles
 N - 5 silver tomahawks (quivered)
Armour
 c - a +0 shield (worn)
 e - a +3 plate armour (worn)
 g - a +0 cloak (worn)
 z - a +0 helmet (worn)
 A - a +0 pair of gloves (worn)
 O - a +1 pair of boots of flying (worn)
Jewellery
 h - a +2 amulet of reflection
 n - an uncursed amulet of regeneration {unknown}
 o - a ring of ice (left hand)
 q - an amulet of faith (around neck)
 r - a +3 ring of dexterity (right hand)
 s - the amulet of Vitality {Regen+ HP+15}
   (You found it on level 2 of the Lair of Beasts)

   [amulet of regeneration]

   It affects your health (+15).
   It increases your rate of regeneration.
 u - an uncursed amulet of rage
 M - a +3 ring of intelligence {unknown}
 Q - an uncursed amulet of regeneration {unknown}
Wands
 d - a wand of digging (14)
 w - a wand of disintegration (15)
 C - a wand of random effects (53)
 H - a wand of enslavement (12)
 R - a wand of paralysis (17)
 U - a wand of polymorph (15)
 X - a wand of acid (7)
 Y - a wand of iceblast (6)
Scrolls
 b - 3 scrolls of amnesia
 j - 3 scrolls of blinking
 k - 3 scrolls of remove curse
 l - 3 scrolls of teleportation
 m - 2 scrolls of holy word
 p - 2 scrolls of magic mapping
 t - 3 scrolls of fog
 y - a scroll of fear {unknown}
 E - a scroll of immolation {unknown}
 F - 2 scrolls of enchant weapon {unknown}
 S - a scroll of silence {unknown}
 V - a scroll of identify
Potions
 i - a potion of resistance
 v - a potion of magic
 x - a potion of flight
 B - a potion of ambrosia
 D - 3 potions of mutation
 G - a potion of curing
 I - a potion of brilliance
 K - 2 potions of lignification {unknown}
 L - 2 potions of might
Books
 P - a book of the Earth

   Spells                             Type                      Level
   a - Leda's Liquefaction            Hexes/Earth                  4
   b - Bolt of Magma                  Conjuration/Fire/Earth       5
   c - Statue Form                    Transmutation/Earth          6
   d - Iron Shot                      Conjuration/Earth            6
   e - Shatter                        Earth                        9
 T - a book of Necromancy

   Spells                             Type                      Level
   a - Pain                           Necromancy                   1
   b - Animate Skeleton               Necromancy                   1
   c - Vampiric Draining              Necromancy                   3
   d - Regeneration                   Charms/Necromancy            3
   e - Animate Dead                   Necromancy                   4
   f - Borgnjor's Vile Clutch         Necromancy/Earth             5
Miscellaneous
 W - a phial of floods
Comestibles
 f - 12 rations


   Skills:
 * Level 12.0 Fighting
 + Level 12.3 Axes
 + Level 2.5 Throwing
 + Level 9.1 Armour
 + Level 9.2 Shields
 * Level 6.9 Invocations


You had 10 spell levels left.
You didn't know any spells.

Dungeon Overview and Level Annotations

Branches:
Dungeon (8/15)             Temple (1/1) D:5            Lair (2/6) D:8
  Swamp: Lair:2-4    Shoals: Lair:2-4     Snake: Lair:2-4    Spider: Lair:2-4

Altars:
Ashenzari
Cheibriados
Dithmenos
Elyvilon
Fedhas
Gozag
Hepliaklqana
Kikubaaqudgha
Makhleb
Nemelex Xobeh
Okawaru
Qazlal
Ru
Sif Muna
Trog
Uskayaw
Vehumet
Wu Jian
Xom
Yredelemnul
The Shining One


Message History

The 11-headed hydra bites you!
* * * LOW HITPOINT WARNING * * *
The 11-headed hydra bites you.
* * * LOW HITPOINT WARNING * * *
The 11-headed hydra barely misses you.
You are confused.
You feel invigorated. The 11-headed hydra barely misses you.
The 11-headed hydra bites you but does no damage.
The 11-headed hydra closely misses you.
The 11-headed hydra bites you but does no damage.
The 11-headed hydra bites you!
* * * LOW HITPOINT WARNING * * *
The 11-headed hydra bites you but does no damage.
The 11-headed hydra barely misses you. The 11-headed hydra bites you!
* * * LOW HITPOINT WARNING * * *
The 11-headed hydra bites you but does no damage.
The 11-headed hydra bites you!
* * * LOW HITPOINT WARNING * * *
The 11-headed hydra bites you!
You die...

#...#...#.....# #.......##
#...#.###.....# #.........
.........(....# #.........
#..#####......# #..P...###
...#...#......# #####..#####
#......#......######P#P...#######
...#...#................≈≈.......
.......#...............≈≈≈≈..≈≈P.
....#'##........@.....≈≈≈≈≈≈≈≈≈≈.
................D.>......≈≈≈≈≈≈≈.
..........................≈.≈≈≈≈.
########.#.######P###.......≈≈≈≈.
##### ### #≈≈≈....≈≈≈≈.
#.≈.≈..≈≈≈≈.. #..≈≈≈≈≈≈≈≈..
#....≈..≈≈... ##.#≈#.......


You could see a 11-headed hydra.

Vanquished Creatures
  A spiny frog (Lair:1)
  The ghost of khargal the Changer, a novice DrTm (D:5)
  4 komodo dragons
  A troll (D:5)
  A polar bear (Lair:2)
  5 hippogriffs
  3 blink frogs (Lair:2)
  8 yaks (Lair:1)
  A wyvern (Lair:1)
  A basilisk (Lair:2)
  4 vampire mosquitoes (Lair:1)
  3 steam dragons (D:8)
  4 insubstantial wisps (Lair:1)
  5 water moccasins
  5 porcupines (Lair:1)
  2 sky beasts
  3 ice beasts
  A black bear (D:8)
  An eye of draining (D:8)
  3 orc warriors
  A phantom (D:8)
  2 centaurs (D:7)
  3 wolves (Lair:2)
  9 ogres
  2 crocodiles
  A big kobold (D:7)
  6 bullfrogs
  3 scorpions
  6 killer bees (D:7)
  8 wights (D:8)
  An electric eel (Lair:1)
  A howler monkey (D:3)
  3 crimson imps
  2 centaur zombies (D:5)
  2 jellies
  A bullfrog skeleton (D:5)
  3 hounds
  7 orc wizards
  3 orc priests
  An iguana (D:5)
  7 worker ants
  A hound skeleton (D:6)
  11 adders
  3 shadow imps
  2 oozes
  An adder zombie (D:1)
  2 adder skeletons (D:4)
  5 worms
  6 leopard geckos
  23 orcs
  7 giant cockroaches
  3 goblins (D:1)
  4 hobgoblins
  23 jackals
  2 quokkas
  6 bats
  4 frilled lizards
  A jackal zombie (D:1)
  6 kobolds
  A leopard gecko skeleton (D:7)
  5 rats
  A bush (Lair:2)
  4 fungi (D:2)
  2 plants (Lair:1)
252 creatures vanquished.

Vanquished Creatures (others)
  A wight (D:8)
  An adder (D:8)
  A kobold (D:1)
  2 fungi
5 creatures vanquished.

Grand Total: 257 creatures vanquished

Notes
Turn   | Place    | Note
-------+----------+-------------------------------------------
     0 | D:1      | RUZZLEFAZAZZLE the Hill Orc Fighter began the quest for the Orb.
     0 | D:1      | Reached XP level 1. HP: 19/19 MP: 1/1
    69 | D:1      | Reached XP level 2. HP: 18/27 MP: 2/2
   537 | D:1      | Reached XP level 3. HP: 33/33 MP: 3/3
  1289 | D:2      | Found a bloodstained altar of Trog.
  1325 | D:2      | Found an ancient bone altar of Kikubaaqudgha.
  1574 | D:2      | Reached XP level 4. HP: 40/40 MP: 4/4
  2377 | D:3      | Found a deep blue altar of Sif Muna.
  2503 | D:3      | Reached XP level 5. HP: 47/47 MP: 5/5
  2549 | D:3      | Reached skill level 5 in Axes
  3174 | D:4      | Noticed an ice beast
  3184 | D:4      | Killed an ice beast
  3184 | D:4      | Reached XP level 6. HP: 47/55 MP: 6/6
  3450 | D:4      | Reached skill level 5 in Fighting
  3789 | D:4      | Reached XP level 7. HP: 59/61 MP: 7/7
  4017 | D:5      | Entered Level 5 of the Dungeon
  4090 | D:5      | Found a glowing golden altar of the Shining One.
  4154 | D:5      | Found a hide-covered altar of Uskayaw.
  4170 | D:5      | Reached skill level 5 in Armour
  4192 | D:5      | Reached skill level 5 in Shields
  4250 | D:5      | Found a staircase to the Ecumenical Temple.
  4261 | D:5      | Noticed khargal's ghost (novice DrTm)
  4275 | D:5      | Killed khargal's ghost
  4275 | D:5      | Reached XP level 8. HP: 41/70 MP: 8/8
  4284 | Temple   | Entered the Ecumenical Temple
  4299 | Temple   | Became a worshipper of Warmaster Okawaru
  4521 | D:5      | Found an ornate altar of the Wu Jian Council.
  4533 | D:5      | Noticed a troll
  4535 | D:5      | Found a transporter.
  4854 | D:5      | Found a transporter.
  5437 | D:5      | Killed a troll
  5437 | D:5      | Reached * piety under Okawaru
  5437 | D:5      | Reached XP level 9. HP: 64/79 MP: 9/9
  5619 | D:6      | Reached skill level 10 in Axes
  6038 | D:6      | Reached ** piety under Okawaru
  6978 | D:7      | Found a snail-covered altar of Cheibriados.
  7112 | D:7      | Reached *** piety under Okawaru
  7337 | D:7      | Received a gift from Okawaru
  7361 | D:7      | Found a shattered altar of Ashenzari.
  7380 | D:7      | Reached XP level 10. HP: 70/91 MP: 10/10
  7414 | D:7      | Found a sparkling altar of Nemelex Xobeh.
  7872 | D:8      | Found a staircase to the Lair.
  8021 | D:8      | Reached **** piety under Okawaru
  8867 | D:8      | Reached skill level 10 in Fighting
  9622 | Lair:1   | Entered Level 1 of the Lair of Beasts
  9639 | Lair:1   | Reached ***** piety under Okawaru
  9659 | Lair:1   | Reached skill level 1 in Invocations
  9737 | Lair:1   | Received a gift from Okawaru
 10211 | Lair:1   | Reached XP level 11. HP: 100/101 MP: 13/13
 10356 | Lair:1   | Reached skill level 1 in Throwing
 10437 | Lair:1   | Received a gift from Okawaru
 10556 | Lair:1   | Reached skill level 5 in Invocations
 11744 | Lair:2   | Found the amulet of Vitality {Regen+ HP+15}
 12428 | Lair:2   | Noticed a four-headed hydra
 12696 | Lair:1   | Slain by an 11-headed hydra

Skill      XL: |  1  2  3  4  5  6  7  8  9 10 11 |
---------------+----------------------------------+-----
Axes           | 3 4 5 6 8 9 10 11 12 | 12.3
Fighting       | 4 5 6 7 9 10 12 | 12.0
Armour         | 4 5 6 7 8 9 |  9.1
Shields        | 4 5 6 7 8 9 |  9.2
Invocations    | 3 6 |  6.9
Throwing       | 2 |  2.5

Action                   |  1- 3 |  4- 6 |  7- 9 | 10-12 || total
-------------------------+-------+-------+-------+-------++-------
Melee: War axe           |    92 |   142 |   327 |   558 ||  1119
Invok: Heroism           |       |       |     2 |     9 ||    11
       Finesse           |       |       |       |     1 ||     1
  Use: Scroll            |     2 |     6 |     6 |    11 ||    25
       Potion            |       |     1 |     5 |     3 ||     9
  Eat: Chunk             |     2 |     5 |     4 |     6 ||    17
       Ration            |       |     1 |     2 |     4 ||     7
Armor: Scale mail        |    30 |       |       |       ||    30
       Plate armour      |       |    93 |   179 |   332 ||   604
Dodge: Dodged            |    14 |    15 |    49 |    92 ||   170
Block: Shield            |    53 |    89 |   223 |   332 ||   697
       Reflection        |     3 |       |     2 |       ||     5
